 Dungeon Crawl Stone Soup version 0.21.1-1-g345015f (webtiles) character file.

23810 keltmir the Grappler (level 12, -70/104 HPs)
             Began as a Grey Draconian Transmuter on Mar 19, 2018.
             Was a Believer of Uskayaw.
             Annihilated by a titanic slime creature (89 damage)
             ... on level 13 of the Dungeon.
             The game lasted 01:42:06 (18794 turns).

keltmir the Grappler (Grey Draconian Transmuter)   Turns: 18794, Time: 01:42:07

Health: -70/104    AC: 16    Str: 29    XL:     12   Next: 75%
Magic:  16/23      EV: 16    Int: 17    God:    Uskayaw [**....]
Gold:   210        SH:  0    Dex: 11    Spells: 13/26 levels left

rFire    + . .     SeeInvis .     - Unarmed
rCold    . . .     Gourm    +   (shield currently unavailable)
rNeg     + + +     Faith    .   (armour unavailable)
rPois    .         Spirit   .   (helmet restricted)
rElec    .         Reflect  .   (no cloak)
rCorr    .         Harm     .   (gloves currently unavailable)
MR       .....                  (no boots)
Stlth    +.........             E - amulet of the gourmand
HPRegen  0.27/turn              Q - ring "Bumyl" {*Contam rF+ rN+++ Str+9 Dex-2}
MPRegen  0.18/turn              T - ring "Texif" {AC+3 Str+3 Int+4}

@: blade hands
A: walk through water, unfitting armour, unbreathing, cold-blooded, AC +13
a: End Transformation, Stomp, Line Pass, Renounce Religion


You were on level 13 of the Dungeon.
You worshipped Uskayaw.
Uskayaw was noncommittal.
You were very full.
You had blades for hands.
You visited 2 branches of the dungeon, and saw 15 of its levels.

You collected 765 gold pieces.
You spent 555 gold pieces at shops.

Inventory:

Hand Weapons
 y - a +0 hand axe
Missiles
 a - 196 arrows
 h - 233 stones
 j - 4 tomahawks (quivered)
 n - 5 needles of sleeping
 x - 18 poisoned needles
Armour
 e - a +0 hat
 f - a scarf of repulsion
 p - a +0 cloak
Magical Staves
 B - an uncursed staff of cold
Jewellery
 z - an uncursed amulet of faith
 E - an amulet of the gourmand (around neck)
 H - a +3 ring of intelligence
 K - a +4 ring of protection
 P - a +4 ring of dexterity
 Q - the ring "Bumyl" (left scythe-like blade) {*Contam rF+ rN+++ Str+9 Dex-2}
   (You found it on level 11 of the Dungeon)

   [ring of protection from fire]

   It affects your strength (+9).
   It affects your dexterity (-2).
   It protects you from fire.
   It renders you almost immune to negative energy.
   It causes magical contamination when unequipped.
 T - the ring "Texif" (right scythe-like blade) {AC+3 Str+3 Int+4}
   (You bought it in a shop on level 9 of the Dungeon)

   [ring of protection]

   It affects your AC (+3).
   It affects your strength (+3).
   It affects your intelligence (+4).
Wands
 A - a wand of scattershot (5)
 D - a wand of enslavement (17)
 I - a wand of paralysis (9)
 J - a wand of clouds (6)
 R - a wand of digging (12)
Scrolls
 r - a scroll of enchant armour {unknown}
 s - a scroll of enchant weapon
 t - 3 scrolls of teleportation
 u - 3 scrolls of remove curse
 w - a scroll of random uselessness
 C - 5 scrolls of immolation
 L - a scroll of magic mapping {unknown}
 M - a scroll of noise
Potions
 d - 4 potions of resistance
 g - a potion of flight
 i - 2 potions of mutation
 k - a potion of lignification
 l - 2 potions of heal wounds
 o - 2 potions of ambrosia
 q - 5 potions of curing
 v - 2 potions of haste
 F - 3 potions of might
 G - 2 potions of cancellation
 N - a potion of agility
 O - a potion of brilliance {unknown}
 S - a potion of magic {unknown}
Books
 b - a book of Changes

   Spells                             Type                      Level
   a - Beastly Appendage              Transmutation                1
   b - Sticks to Snakes               Transmutation                2
   c - Spider Form                    Transmutation/Poison         3
   d - Ice Form                       Ice/Transmutation            4
   e - Blade Hands                    Transmutation                5
 m - a book of Callings

   Spells                             Type                      Level
   a - Summon Small Mammal            Summoning                    1
   b - Call Imp                       Summoning                    2
   c - Call Canine Familiar           Summoning                    3
   d - Summon Guardian Golem          Hexes/Summoning              3
   e - Summon Lightning Spire         Summoning/Air                4
   f - Summon Ice Beast               Ice/Summoning                4
Comestibles
 c - 13 rations


   Skills:
 + Level 9.2 Fighting
 + Level 7.9 Dodging
 * Level 11.8 Unarmed Combat
 - Level 7.8 Spellcasting
 - Level 10.2 Transmutations
 - Level 6.6 Invocations


You had 13 spell levels left.
You knew the following spells:

 Your Spells              Type           Power        Failure   Level  Hunger
a - Beastly Appendage     Tmut           #####.       8%          1    None
b - Spider Form           Tmut/Pois      ###.......   28%         3    #......
c - Blade Hands           Tmut           #####.....   30%         5    #####..
d - Ice Form              Ice/Tmut       ###.....     52%         4    ###....


Dungeon Overview and Level Annotations

Branches:
Dungeon (14/15)            Temple (1/1) D:6            Lair (0/6) D:8
    Orc (0/2) D:9
 Vaults: D:13-14

Altars:
Ashenzari
Cheibriados
Dithmenos
Elyvilon
Fedhas
Gozag
Hepliaklqana
Kikubaaqudgha
Makhleb
Nemelex Xobeh
Okawaru
Qazlal
Ru
Sif Muna
Trog
Uskayaw
Vehumet
Wu Jian
Xom
Yredelemnul
Zin
The Shining One

Shops:
D:6 %   D:9 =   D:12 (


Innate Abilities, Weirdness & Mutations

You can walk through water.
Your dull iron-grey scales are very hard. (AC +13)
You cannot fit into any form of body armour.
You can survive without breathing.
You are cold-blooded and may be slowed by cold attacks.


Message History

You tail-slap the titanic slime creature.
The titanic slime creature is lightly wounded.
The titanic slime creature misses you.
The worker ant zombie closely misses you.
The meliai barely misses you. The meliai stings you.
You slice the titanic slime creature!!
You tail-slap the titanic slime creature!
The titanic slime creature is lightly wounded.
The meliai misses you.
The meliai stings you but does no damage.
The titanic slime creature hits you!!!
* * * LOW HITPOINT WARNING * * *
The worker ant zombie bites you.
* * * LOW HITPOINT WARNING * * *
Okay, then.
You slice the meliai!!
You kill the meliai!
The titanic slime creature hits you!!!!
Ouch! That really hurt!
You die...

..............#.###.#
..#....
.......#.........>...
........
.......########.#.#.#
..#.....
....................# #
.......
#####..###.#.#.#.#..#.#
.....##) .......#
#............ ........
######.# ..#.#.#.#..####
....###. .......#
............... ........
######
..#.#.#@#.#######.......
......)JZ..............#
..#.#.#.#.####..#.#....#
#......................#
#.####.##(##.###..#.#....#
#.# #. #(# .#............
#.# # #(# #...#...###.#
#.# #.# #............ #.#
#.##.#...#.#.###.#


You could see a titanic slime creature and a worker ant zombie.

Vanquished Creatures
  A hydra (D:9)
  Fannar (D:12)
  A centaur warrior (D:13)
  3 death yaks (D:8)
  4 two-headed ogres
  A manticore (D:12)
  An ugly thing (D:13)
  2 cyclopes
  Psyche (D:10)
  The ghost of Solrac the Shield-Bearer, a novice FoFi of the Shining One (D:5)
  3 gargoyles
  2 trolls
  A polar bear (shapeshifter) (D:11)
  A meliai (D:13)
  2 dream sheep (D:9)
  The ghost of letownia2 the Magician, an amateur MfWz of Cheibriados (D:6)
  5 hippogriffs
  6 slime creatures (D:13)
  21 yaks
  3 wyverns
  3 hungry ghosts
  A basilisk (D:10)
  The ghost of Anonimus the Chopper, an amateur DsGl of Ashenzari (D:4)
  3 vampire mosquitoes (D:12)
  A water moccasin (D:11)
  4 ice beasts
  3 sky beasts
  2 phantoms
  5 ogres
  2 orc warriors
  8 centaurs
  2 crocodiles (D:10)
  4 big kobolds
  3 bullfrogs
  3 scorpions
  3 killer bees (D:8)
  13 wights
  6 howler monkeys
  6 crimson imps
  4 bullfrog zombies
  A lava snake (D:9)
  4 centaur zombies
  A quasit (D:13)
  2 orc priests (D:8)
  3 bullfrog skeletons
  A jelly (D:9)
  4 centaur skeletons
  4 hounds
  4 iguanas
  5 orc wizards
  4 worker ants
  A bullfrog simulacrum (D:11)
  The ghost of letownia2 the Magician, a weakling MfWz (D:3)
  A hound zombie (D:5)
  5 hound skeletons
  12 adders
  A shadow imp (D:5)
  An ooze (D:4)
  3 adder skeletons
  An adder zombie (D:7)
  8 leopard geckos
  25 orcs
  3 ball pythons
  8 bats
  5 giant cockroaches
  4 goblins
  9 hobgoblins
  13 jackals
  2 quokkas
  5 frilled lizards
  3 kobolds
  A leopard gecko skeleton (D:6)
  A leopard gecko zombie (D:7)
  A quokka zombie (D:5)
  2 rats (D:1)
287 creatures vanquished.

Vanquished Creatures (collateral kills)
  A gargoyle (D:11)
  An orc warrior (D:11)
  An ice beast (D:11)
  A centaur zombie (D:11)
4 creatures vanquished.

Vanquished Creatures (others)
  An unseen horror (D:11)
  2 plants (D:10)
3 creatures vanquished.

Grand Total: 294 creatures vanquished

Notes
Turn   | Place    | Note
-------+----------+-------------------------------------------
     0 | D:1      | keltmir the Draconian Transmuter began the quest for the Orb.
     0 | D:1      | Reached XP level 1. HP: 16/16 MP: 3/3
   657 | D:1      | Reached XP level 2. HP: 23/23 MP: 3/5
  2040 | D:3      | Found an iron altar of Okawaru.
  2461 | D:2      | Reached XP level 3. HP: 21/28 MP: 4/6
  2469 | D:2      | Learned a level 3 spell: Spider Form
  2881 | D:2      | Found a hazy altar of Hepliaklqana.
  3128 | D:3      | Noticed letownia2's ghost (weakling MfWz)
  3182 | D:3      | Killed letownia2's ghost
  3182 | D:3      | Reached XP level 4. HP: 20/35 MP: 1/8
  4031 | D:4      | Noticed an ogre
  4605 | D:4      | Reached XP level 5. HP: 31/40 MP: 6/9
  4688 | D:4      | Noticed Anonimus's ghost (amateur DsGl)
  4894 | D:5      | Entered Level 5 of the Dungeon
  5049 | D:4      | Reached XP level 6. HP: 47/47 MP: 7/11
  5168 | D:3      | Reached skill level 4 in Unarmed Combat
  5580 | D:5      | Noticed Solrac's ghost (novice FoFi)
  5907 | D:5      | You fall through a shaft!
  6046 | D:6      | Found a staircase to the Ecumenical Temple.
  6089 | Temple   | Entered the Ecumenical Temple
  6192 | Temple   | Became a worshipper of Uskayaw the Reveler
  6212 | D:6      | Reached * piety under Uskayaw
  6213 | D:6      | Your scales start taking on a dull iron-grey colour.
  6213 | D:6      | Reached XP level 7. HP: 35/56 MP: 8/12
  6213 | D:6      | Gained mutation: You can survive without breathing. [Grey Draconian growth]
  6243 | D:6      | Found Butt's Food Shoppe.
  6252 | D:6      | Reached skill level 1 in Invocations
  6252 | D:6      | Reached ** piety under Uskayaw
  6255 | D:6      | Reached *** piety under Uskayaw
  6545 | Temple   | Reached skill level 5 in Transmutations
  7019 | Temple   | Learned a level 5 spell: Blade Hands
  7064 | D:6      | Noticed letownia2's ghost (amateur MfWz)
  7067 | D:6      | Reached **** piety under Uskayaw
  7478 | D:4      | Killed Anonimus's ghost
  7478 | D:4      | Reached XP level 8. HP: 49/62 MP: 14/14
  8647 | D:6      | Killed letownia2's ghost
  8766 | D:5      | Killed Solrac's ghost
  8766 | D:5      | Reached skill level 5 in Spellcasting
  9123 | D:7      | Noticed a two-headed ogre
  9481 | D:7      | Reached skill level 5 in Unarmed Combat
  9481 | D:7      | Reached XP level 9. HP: 60/68 MP: 12/17
 10279 | D:8      | Noticed a two-headed ogre
 10285 | D:8      | Killed a two-headed ogre
 10469 | D:7      | HP: 3/72 [two-headed ogre/dire flail (20)]
 10787 | D:7      | Killed a two-headed ogre
 10787 | D:7      | Reached skill level 6 in Unarmed Combat
 10787 | D:7      | Reached XP level 10. HP: 25/80 MP: 14/19
 11286 | D:8      | Noticed a death yak
 11297 | D:8      | Noticed a death yak
 11299 | D:8      | Noticed a death yak
 11300 | D:8      | Killed a death yak
 11300 | D:8      | Reached skill level 5 in Fighting
 11308 | D:8      | Reached ***** piety under Uskayaw
 11309 | D:8      | Killed a death yak
 11309 | D:8      | Reached skill level 7 in Unarmed Combat
 11315 | D:8      | Killed a death yak
 11315 | D:8      | Reached skill level 5 in Dodging
 11325 | D:8      | Reached ****** piety under Uskayaw
 11333 | D:8      | Found a staircase to the Lair.
 11957 | D:9      | Reached skill level 8 in Unarmed Combat
 12022 | D:9      | Found Ocyxoliyty's Jewellery Emporium.
 12117 | D:9      | Reached XP level 11. HP: 79/91 MP: 18/22
 12161 | D:9      | Found a shattered altar of Ashenzari.
 12241 | D:9      | Noticed a three-headed hydra
 12255 | D:9      | HP: 1/91 [three-headed hydra (13)]
 12554 | D:8      | Learned a level 4 spell: Ice Form
 12674 | D:10     | Entered Level 10 of the Dungeon
 12721 | D:9      | Found a staircase to the Orcish Mines.
 12888 | D:9      | Killed a three-headed hydra
 13193 | D:10     | Reached skill level 9 in Unarmed Combat
 13419 | D:10     | Noticed Psyche
 13428 | D:10     | Killed Psyche
 14227 | D:11     | Reached skill level 10 in Transmutations
 14233 | D:11     | Reached skill level 5 in Invocations
 15444 | D:11     | Got an ancient iron ring
 15456 | D:11     | Killed an unseen horror
 15984 | D:11     | Reached skill level 10 in Unarmed Combat
 16367 | D:11     | Identified the ring "Bumyl" {*Contam rF+ rN+++ Str+9 Dex-2} (You found it on level 11 of the Dungeon)
 16387 | D:11     | Reached XP level 12. HP: 101/101 MP: 23/23
 16979 | D:12     | Noticed Fannar
 17030 | D:12     | Killed Fannar
 17037 | D:12     | Found Itweceg's Antique Weapon Shoppe.
 17288 | D:12     | Noticed a two-headed ogre
 17294 | D:12     | Killed a two-headed ogre
 17390 | D:9      | Bought the ring "Texif" {AC+3 Str+3 Int+4} for 555 gold pieces
 17843 | D:13     | Reached skill level 11 in Unarmed Combat
 18121 | D:14     | Noticed a vault guard
 18161 | D:13     | Noticed a two-headed ogre
 18168 | D:13     | Killed a two-headed ogre
 18327 | D:13     | Noticed a centaur warrior
 18333 | D:13     | Killed a centaur warrior
 18343 | D:13     | Noticed a two-headed ogre
 18794 | D:13     | Annihilated by a titanic slime creature

Skill      XL: |  1  2  3  4  5  6  7  8  9 10 11 12 |
---------------+-------------------------------------+-----
Transmutations | 3 4 6 8 9 10 | 10.2
Spellcasting   | 3 4 5 6 7 |  7.8
Dodging        | 2 4 5 6 7 |  7.9
Unarmed Combat | 4 5 6 8 10 11 | 11.8
Fighting       | 2 4 6 7 9 |  9.2
Invocations    | 2 3 5 6 |  6.6

Action                   |  1- 3 |  4- 6 |  7- 9 | 10-12 || total
-------------------------+-------+-------+-------+-------++-------
Melee: Unarmed           |   126 |   140 |   345 |   447 ||  1058
       Headbutt          |     7 |     1 |    18 |     2 ||    28
       Tailslap          |     9 |     9 |    24 |    63 ||   105
       Kick              |     3 |     5 |     9 |     4 ||    21
       Punch             |       |       |     7 |    12 ||    19
Throw: Tomahawk          |       |       |     3 |       ||     3
 Cast: Beastly Appendage |    21 |     6 |    16 |     3 ||    46
       Spider Form       |     5 |    20 |     6 |       ||    31
       Blade Hands       |       |       |    19 |    59 ||    78
       Ice Form          |       |       |       |     2 ||     2
Invok: Stomp             |       |       |       |    11 ||    11
       Line Pass         |       |       |       |     4 ||     4
 Abil: End Transformatio |       |     1 |     1 |       ||     2
Evoke: Wand              |       |     2 |     4 |     2 ||     8
  Use: Scroll            |     6 |     7 |     2 |    12 ||    27
       Potion            |     2 |       |       |     1 ||     3
 Stab: Sleeping          |       |     3 |       |     2 ||     5
       Paralysed         |       |     4 |     5 |    29 ||    38
  Eat: Chunk             |     5 |     9 |    13 |    52 ||    79
       Ration            |     1 |     2 |     3 |     3 ||     9
Armor: Skin              |    32 |    20 |   109 |   204 ||   365
Dodge: Dodged            |    96 |   118 |   182 |   293 ||   689
